AoeStats
← Hitokirivan

Arabia

509106162Analyzed
2v2 RM · 8d ago on Sep 25, 2026· 42m 43s· 4 players
Game mode
Random Map
Map size
Medium (4 player)
Population
200
Speed
Normal
Resources
Standard
Victory
Conquest
Starting age
Dark Age
Ending age
Imperial Age
RankedLock teamsTeams togetherTeam positionsShared explorationLock speedFull tech treeHidden civsTurbo modeCheats
Victory
Defeat
🇵🇪 Huns · Peru
1047
+17
🇨🇴 Persians · Colombia
1047
+18
🇨🇦 Varangians · Canada
1096
-18
🇫🇷 Saracens · France
1078
-44
MagnumXL
8:03 Loom
10:25 Feudal Age
11:36 Double-Bit Axe
19:59 Castle Age
19:28 Forging
19:19 Scale Mail Armor
19:41 Gold Mining
19:49 Horse Collar
20:50 Squires
20:35 Arson
21:40 Bow Saw
26:03 Gambesons
31:20 Wheelbarrow
30:54 Fletching
31:21 Chain Mail Armor
38:21 Iron Casting
humblot.lucas49
11:02 Feudal Age
28:00 Castle Age
28:45 Wheelbarrow
28:48 Crossbowman
jadm9612
1:00 Loom
11:00 Feudal Age
13:46 Man-at-Arms
20:38 Castle Age
19:38 Double-Bit Axe
20:55 Scale Barding Armor
21:01 Forging
27:24 Wheelbarrow
27:01 Husbandry
32:03 Hand Cart
33:26 Chain Barding Armor
36:23 Town Watch
39:17 Imperial Age
38:27 Parthian Tactics
38:32 Padded Archer Armor
38:23 Fletching
38:23 Crossbowman
39:44 Thumb Ring
40:53 Leather Archer Armor
40:34 Bodkin Arrow
41:25 Ballistics
42:51 Ring Archer Armor
42:44 Bow Saw
42:18 Elite War Elephant
43:17 Citadels
43:11 Kamandaran
Hitokirivan
4:16 Loom
9:39 Feudal Age
10:12 Double-Bit Axe
21:01 Castle Age
18:58 Gold Mining
19:38 Horse Collar
19:53 Fletching
20:03 Padded Archer Armor
20:28 Bloodlines
22:40 Husbandry
22:42 Bodkin Arrow
23:27 Gold Shaft Mining
23:31 Bow Saw
24:39 Heavy Plow
27:04 Ballistics
29:12 Wheelbarrow
31:49 Imperial Age
32:58 Hand Cart
35:04 Chemistry
34:50 Heavy Cavalry Archer
35:56 Parthian Tactics
38:42 Leather Archer Armor
38:28 Bracer
Connection lost

Rejoining the realm…

Still unreachable

The connection could not be restored.

Session expired

The server has moved on; the page needs a fresh start.